 Dungeon Crawl Stone Soup version 0.28.0-53-g5a82cb258f (webtiles) character file.

Game seed: 7062264035293686304

1081 unlimited1921 the Magician (level 8, -7/48 (51) HPs)
             Began as a Djinni Fire Elementalist on Aug 2, 2022.
             Was an Initiate of Qazlal.
             Killed from afar by a bog body (52 damage)
             ... with a bolt of cold
             ... created by the anger of Yredelemnul
             ... on level 4 of the Dungeon.
             The game lasted 00:27:50 (11845 turns).

unlimited1921 the Magician (DjFE)                  Turns: 11845, Time: 00:27:50

HP:   -7/48 (51)    AC:  3    Str:  7    XL:     8   Next: 55%
Gold: 169           EV: 12    Int: 19    God:    Qazlal [......] SH:  0 Dex: 14

rFire   + + .      SeeInvis .   i - +0 war axe
rCold   x . .      Faith    .   (no shield)
rNeg    . . .      Spirit   .   h - +0 leather armour
rPois   ∞          Reflect  .   (no helmet)
rElec   .          Harm     .   (no cloak)
rCorr   .          Rampage  .   (no gloves)
Will    .....                   (boots unavailable)
Stlth   ++........              (no amulet)
HPRegen 0.16/turn               (no ring)
MPRegen 0.00/turn               (no ring)

@: flying, drained
A: sickness immunity, fire resistance 2, cold vulnerability 1, float, innate
caster, HP casting, extra vitality 1
a: Renounce Religion


You were on level 4 of the Dungeon.
You worshipped Qazlal.
Qazlal was noncommittal.
You visited 1 branch of the dungeon, and saw 4 of its levels.
You also visited: Sewer.

You collected 195 gold pieces.
You spent 26 gold pieces at shops.

Inventory:

Hand Weapons
 i - a +0 war axe (weapon)
 r - a +1 dagger of pain
 u - a +0 quarterstaff
Missiles
 d - 5 poisoned darts
 g - 202 stones
 j - 23 bolts
 m - a boomerang
Armour
 a - a +0 robe
 b - a +0 chain mail
 h - a +0 leather armour (worn)
 n - a +0 ring mail
 t - a +0 pair of gloves
Wands
 B - a wand of iceblast (6) (quivered)
Scrolls
 c - a scroll of enchant armour
 e - a scroll of teleportation
 k - a scroll of fog
 p - a scroll of vulnerability {unknown}
 v - 2 scrolls of identify
 x - a scroll of summoning {unknown}
 y - a scroll of brand weapon {unknown}
 C - a scroll of magic mapping {unknown}
Potions
 f - a potion of heal wounds {unknown}
 l - 2 potions of might {unknown}
 o - 2 potions of lignification {unknown}
 q - 2 potions of flight
 s - 3 potions of curing {unknown}
 w - 2 potions of haste {unknown}
 z - a potion of resistance {unknown}
 A - 2 potions of attraction {unknown}


   Skills:
 + Level 0.8 Fighting
 + Level 1.2 Axes
 + Level 3.5 Armour
 + Level 2.8 Dodging
 + Level 2.8 Stealth
 + Level 6.4 Spellcasting


You had one spell level left.
You knew the following spells:

 Your Spells              Type           Power      Damage    Failure   Level
a - Foxfire               Conj/Fire      100%       2x1d9     1%          1
b - Scorch                Fire           60%        2d8       1%          2
c - Conjure Flame         Conj/Fire      30%        6-21      3%          3
d - Inner Flame           Hex/Fire       30%        N/A       3%          3
e - Flame Wave            Conj/Fire      30%        2d8       11%         4
f - Animate Skeleton      Necr           60%        N/A       1%          1
g - Poisonous Vapours     Pois/Air       60%        N/A       1%          2
h - Wereblood             Tmut           30%        N/A       1%          2
Your spell library was empty.

Dungeon Overview and Level Annotations

Branches:
Dungeon (4/15)              Sewer (visited)
 Temple: D:4-7

Altars:
Elyvilon
Hepliaklqana
Okawaru
Qazlal
Sif Muna
Yredelemnul
Zin

Shops:
D:2 ?   D:3 *


Innate Abilities, Weirdness & Mutations

You are immune to sickness and miasma.
You are immune to poison.
Your flesh is very heat resistant. (rF++)
You are vulnerable to cold. (rC-)
You float through the air rather than walking.
You learn spells naturally, not from books.
Your magical power is your life essence.
You have superior vitality. (+4 MHP)


Message History

The phantasmal warrior blinks!
There is an open door here.
You see here a +0 spear.
Aiming: Iceblast
Press: ? - help, Q - select action, (/) - cycle Shift-Dir - straight line, f/p - phantasmal warrior
Aim: a phantasmal warrior (almost destroyed, durably summoned, more vulnerable to fire)
The mass of ice explodes!
The iceblast engulfs the phantasmal warrior.
The phantasmal warrior partially resists.
The phantasmal warrior is almost destroyed.
The phantasmal warrior gestures at you.
The phantasmal warrior blinks!
Press: ? - help, v - describe, . - travel
Here: a phantasmal warrior (almost destroyed, durably summoned, more vulnerable to fire)
The floor.
A phantasmal warrior is nearby!
Unknown command.
Unknown command.
Aiming: Iceblast
Press: ? - help, Q - select action, (/) - cycle Shift-Dir - straight line, f/p - phantasmal warrior
Aim: a phantasmal warrior (almost destroyed, durably summoned, more vulnerable to fire)
The mass of ice explodes!
The iceblast engulfs the phantasmal warrior!
The phantasmal warrior partially resists.
You destroy the phantasmal warrior!
That felt strangely unrewarding.
You start resting.
Yredelemnul's anger turns toward you for a moment.
The bolt of negative energy hits you!!
You feel drained.
* * * LOW HITPOINT WARNING * * *
The divine experience confuses you!
You are confused.
You start resting.
You feel less confused.
You start resting.
Yredelemnul sends servants to punish you.
A bog body and a phantasmal warrior come into view.
The bog body gestures at you while chanting.
The bolt of cold hits you!!!
You feel a terrible chill!
Ouch! That really hurt!
You die...

.....###.....###..#
#.....###.....##..#
##.....###.....#..#
###.....###....#..#
.###.....###...'..#
..####'######..#..#
...#.....#.###.#..#
...#.....#..####.##
...'.....'...###@#
#..#.....#....##.#
##.#.....#.....#.#
######'####)...#.#
#.....###..Wn.#
##.....###..#.#
##.....###.#.#
##.....####.#
##.....###.#


You could see a phantasmal warrior and a bog body.

Vanquished Creatures
  A phantasmal warrior (D:4)
  A human (D:3)
  Edmund (D:4)
  A black bear (D:4)
  A phantom (D:4)
  2 scorpions (D:4)
  The ghost of vvl the Stinger, a weakling MfVM (D:3)
  A hound (D:4)
  2 orc priests (D:4)
  2 centaur skeletons (D:4)
  2 orc wizards
  A hound zombie (D:4)
  5 gnolls
  11 adders
  2 river rats (D:4)
  An ufetubus (D:4)
  An adder zombie (D:4)
  An adder skeleton (D:4)
  3 worms
  2 dart slugs
  7 orcs
  15 ball pythons
  7 endoplasms
  5 giant cockroaches
  12 goblins
  6 hobgoblins
  3 jackals (D:1)
  A quokka (D:4)
  5 bats
  8 frilled lizards
  A jackal zombie (D:3)
  A kobold (D:4)
  4 rats
117 creatures vanquished.

Vanquished Creatures (collateral kills)
  An adder (Sewer)
  A worm (D:4)
  A foxfire (D:4)
3 creatures vanquished.

Vanquished Creatures (others)
  An adder zombie (Sewer)
  2 ball python zombies (Sewer)
  2 frilled lizard zombies (Sewer)
  A goblin zombie (D:4)
  An orc zombie (D:4)
  A rat zombie (D:4)
  A spectral endoplasm (D:4)
  310 foxfires
  2 fungi (D:4)
  A plant (D:3)
322 creatures vanquished.

Grand Total: 442 creatures vanquished

Notes
Turn   | Place    | Note
-------+----------+-------------------------------------------
     0 | D:1      | unlimited1921 the Djinni Fire Elementalist began the quest
                  | for the Orb.
     0 | D:1      | Reached XP level 1. HP: 15/15 MP: 0/0
  1132 | D:1      | Reached XP level 2. HP: 19/21 MP: 0/0
  2104 | D:1      | Reached skill level 3 in Spellcasting
  2235 | D:1      | Reached XP level 3. HP: 24/25 MP: 0/0
  2235 | D:1      | Learned a level 1 spell: Animate Skeleton
  4013 | D:2      | Found Hucaolu's Magic Scroll Shoppe.
  4021 | D:2      | Bought a scroll of identify for 26 gold pieces
  4249 | D:2      | Reached XP level 4. HP: 25/31 MP: 0/0
  4992 | D:3      | Found a runed translucent door.
  5002 | D:3      | Found an iron altar of Okawaru.
  5116 | D:3      | Noticed vvl's ghost (weakling MfVM)
  5129 | D:3      | Reached skill level 1 in Armour
  5825 | D:3      | Found Zin's Purification Station.
  5830 | D:3      | Found a glowing silver altar of Zin.
  5857 | D:3      | Found a hazy altar of Hepliaklqana.
  5931 | D:3      | Reached skill level 1 in Axes
  5931 | D:3      | Reached XP level 5. HP: 32/35 MP: 0/0
  5931 | D:3      | Learned a level 2 spell: Poisonous Vapours
  6354 | D:3      | Noticed a human
  6356 | D:3      | Found a runed translucent door.
  6615 | D:3      | Found a basalt altar of Yredelemnul.
  6651 | D:3      | Killed a human
  6652 | D:3      | Reached skill level 4 in Spellcasting
  6652 | D:3      | Reached XP level 6. HP: 7/41 MP: 0/0
  7028 | D:3      | Became a worshipper of Yredelemnul the Dark
  7203 | D:3      | Killed vvl's ghost
  7388 | D:4      | Reached XP level 7. HP: 4/46 MP: 0/0
  7388 | D:4      | Learned a level 2 spell: Wereblood
  7686 | D:4      | Reached * piety under Yredelemnul
  7693 | D:4      | Found a glowing drain.
  7781 | Sewer    | Entered a sewer
  9320 | D:4      | Found a white marble altar of Elyvilon.
  9830 | D:4      | Reached skill level 5 in Spellcasting
 10166 | D:4      | Reached ** piety under Yredelemnul
 10599 | D:4      | Found a stormy altar of Qazlal.
 10734 | D:4      | Fell from the grace of Yredelemnul
 10734 | D:4      | Became a worshipper of Qazlal Stormbringer
 10759 | D:4      | Noticed Edmund
 10851 | D:4      | Reached XP level 8. HP: 36/51 MP: 0/0
 11002 | D:4      | Killed Edmund
 11003 | D:4      | Reached skill level 6 in Spellcasting
 11010 | D:4      | HP: 2/51 [orc priest/divine providence (8)]
 11075 | D:4      | Noticed a phantasmal warrior
 11463 | D:4      | Killed a phantasmal warrior
 11842 | D:4      | Noticed a bog body
 11842 | D:4      | Noticed a phantasmal warrior
 11845 | D:4      | Killed from afar by a bog body

Illustrated notes

Levels and vault maps discovered:
D:1:      matt_arrival_refuge, layout_basic, glass_columns_b,
          minmay_misc_feat_rows, chequers_decorated_corner, minmay_liquid_box
D:2:      layout_basic, serial_shops, shop, hangedman_decor_slide_cut
D:3:      layout_rooms, gammafunk_temple_overflow_forgotten,
          dk_yredelemnul_ordeal, zin_purify, ebering_ghost_reflecting_pool
D:4:      layout_gridville, lemuel_round_altar, mainiacjoe_overflow_boulevard,
          fedhas_altar_4, lightli_sewer_entry_pipes, minmay_quadrilaterals,
          uniq_edmund

Skill      XL: |  1  2  3  4  5  6  7  8 |
---------------+-------------------------+-----
Spellcasting   | 3 4 5 6 |  6.4
Stealth        | 2 |  2.8
Armour         | 1 2 3 |  3.5
Axes           | 1 |  1.2
Fighting       | |  0.8
Dodging        | |  2.8

Action                   |  1- 3 |  4- 6 |  7- 9 || total
-------------------------+-------+-------+-------++-------
Melee: War axe           |     9 |    12 |     2 ||    23
       Dagger            |     3 |       |       ||     3
       Punch             |       |     1 |       ||     1
 Cast: Foxfire           |    73 |    74 |    46 ||   193
       Poisonous Vapours |       |     7 |    43 ||    50
       Scorch            |       |    15 |    28 ||    43
       Inner Flame       |       |     2 |    13 ||    15
Evoke: Wand              |       |       |     3 ||     3
  Use: Scroll            |     1 |     2 |     1 ||     4
 Stab: Sleeping          |       |     2 |       ||     2
Armor: Leather armour    |     7 |     9 |     3 ||    19
       Robe              |     3 |       |       ||     3
Dodge: Dodged            |    18 |    20 |    14 ||    52
